 Dungeon Crawl Stone Soup version 0.20-a0-641-g673355a (webtiles) character file.

315 PurplePoopy the Covered (level 6, 0/51 HPs)
             Began as a Barachian Berserker on Feb 13, 2017.
             Was a Believer of Trog.
             Succumbed to a worker ant's poison
             ... on level 4 of the Dungeon.
             The game lasted 00:30:57 (2897 turns).

PurplePoopy the Covered (Barachian Berserker)       Turns: 2897, Time: 00:30:58

Health: 0/51       AC: 12    Str: 17    XL:     6   Next: 43%
Magic:  6/6        EV:  8    Int:  5    God:    Trog [**....]
Gold:   159        SH:  0    Dex: 11    Spells: 5/5 levels left

rFire    . . .     SeeInvis .   j - +0 mace
rCold    + . .     Gourm    .   e - +0 chain mail
rNeg     . . .     Faith    .   (no shield)
rPois    .         Spirit   .   (no helmet)
rElec    .         Reflect  .   f - scarf {rC+}
rCorr    .         Harm     .   (no gloves)
MR       .....                  l - +1 pair of boots
Stlth    ..........             (no amulet)
Regen    0.2/turn               (no ring)
MPRegen  0.1/turn               (no ring)

@: lethally poisoned (0 -> -17), slow
A: swims, slowness 1, strong legs 1
a: Hop, Berserk, Trog's Hand, Burn Spellbooks, Renounce Religion


You were on level 4 of the Dungeon.
You worshipped Trog.
Trog was pleased with you.
You were not hungry.

You visited 1 branch of the dungeon, and saw 4 of its levels.

You collected 159 gold pieces.

Inventory:

Hand Weapons
 a - a +0 spear
 j - a +0 mace (weapon)
Armour
 b - a +0 animal skin
 d - a +0 robe
 e - a +0 chain mail (worn)
 f - a scarf of cold resistance (worn)
 i - a +0 ring mail
 l - a +1 pair of boots (worn)
Wands
 p - a wand of flame (30/48)
Scrolls
 c - 2 scrolls of remove curse {unknown}
 k - 2 scrolls of identify
 m - a scroll of teleportation
 o - a scroll of immolation {unknown}
 q - a scroll of enchant weapon {unknown}
Potions
 n - a potion of curing {unknown}
Comestibles
 g - a royal jelly
 h - a meat ration
 r - 2 fruits


   Skills:
 * Level 5.0 Fighting
 * Level 3.7 Polearms
 * Level 5.1 Armour
 - Level 2.1 Dodging
 - Level 0.2 Stealth


You had 5 spell levels left.
You didn't know any spells.

Dungeon Overview and Level Annotations

Branches:
Dungeon (4/15)
 Temple: D:4-7

Altars:
Ashenzari
Hepliaklqana
Okawaru
Qazlal
Ru
Sif Muna
Xom


Innate Abilities, Weirdness & Mutations

You can swim through water.
You cover ground slowly.
You can hop short distances.


Message History

You feel sick.
The worker ant bites you but does no damage.
The adder closely misses you. The worker ant barely misses you.
The adder bites you but does no damage.
You feel sick. The adder bites you.
You feel sick. The adder bites you.
You are more poisoned.
The adder poisons you!
You feel sick. The worker ant closely misses you.
The adder bites you but does no damage. The worker ant bites you.
* * * LOW HITPOINT WARNING * * *
You feel sick. The worker ant barely misses you. The adder bites you.
* * * LOW HITPOINT WARNING * * *
You feel sick. The adder bites you.
* * * LOW HITPOINT WARNING * * *
The worker ant bites you.
* * * LOW HITPOINT WARNING * * *
You are more poisoned.
The worker ant poisons you! The adder bites you but does no damage.
You die...

## ## .# .# #.# ##.#
######.##
#########..#
##.......#
#.........#
#........##
#...$..ooS##
#.........#
#.....##oa.##
#.....###..# ##...#
###@.###.....# .#
#... ##.....###.# .
##.. ##.....##.## #.
##........## ## .#
#.....#...## #.#
#.....##...## #.#
##.....###...##
#.###.......###...##
#......##....##<....


You could see a worker ant, an adder and 3 orcs.

Vanquished Creatures
  An ogre (D:4)
  A scorpion (D:4)
  A bullfrog skeleton (D:4)
  An orc wizard (D:3)
  5 adders
  An ooze (D:3)
  A worm (D:3)
  2 dart slugs
  4 orcs (D:3)
  A ball python (D:3)
  16 bats
  4 giant cockroaches
  4 goblins
  3 hobgoblins (D:2)
  A jackal (D:3)
  A quokka (D:3)
  6 frilled lizards
  6 kobolds
  A leopard gecko skeleton (D:4)
  6 rats
66 creatures vanquished.

Vanquished Creatures (others)
  A jackal (D:3)
1 creature vanquished.

Grand Total: 67 creatures vanquished

Notes
Turn   | Place    | Note
-------+----------+-------------------------------------------
     0 | D:1      | PurplePoopy the Barachian Berserker began the quest for the Orb.
     0 | D:1      | Reached XP level 1. HP: 18/18 MP: 1/1
   551 | D:1      | Reached XP level 2. HP: 24/24 MP: 2/2
  1048 | D:2      | Found a hazy altar of Hepliaklqana.
  1050 | D:2      | Found a shimmering altar of Xom.
  1050 | D:2      | Noticed a bullfrog
  1051 | D:2      | Noticed a spectral ugly thing
  1051 | D:2      | Noticed a bullfrog
  1105 | D:2      | Found a sacrificial altar of Ru.
  1140 | D:2      | Reached XP level 3. HP: 27/30 MP: 3/3
  1277 | D:2      | Found a shimmering altar of Xom.
  1279 | D:2      | Found a shattered altar of Ashenzari.
  1279 | D:2      | Found a stormy altar of Qazlal.
  1283 | D:2      | Found a shattered altar of Ashenzari.
  1283 | D:2      | Found an iron altar of Okawaru.
  1283 | D:2      | Found a stormy altar of Qazlal.
  1844 | D:2      | Reached ** piety under Trog
  1844 | D:2      | Reached XP level 4. HP: 28/37 MP: 4/4
  2304 | D:3      | Reached XP level 5. HP: 40/43 MP: 5/5
  2607 | D:3      | Found a deep blue altar of Sif Muna.
  2671 | D:3      | You fall through a shaft!
  2723 | D:4      | Reached XP level 6. HP: 10/50 MP: 6/6
  2776 | D:4      | Reached skill level 5 in Fighting
  2776 | D:4      | Reached skill level 5 in Armour
  2896 | D:4      | HP: 2/51 [worker ant (5)]
  2897 | D:4      | Succumbed to a worker ant's poison

Vault maps used:
D:1:      dpeg_arrival_tiny_i
D:2:      regret_index_temple_of_mockery, lemuel_crystal_altar, first_bread,
          roderic_roman_lattice, doesnt_xom_only_xom
D:3:      overflow_temple_1_default
D:4:      cheibriados_altar_1, old_standard_altar,
          nicolae_dithmenos_the_darkroom, uniq_sigmund

Skill      XL: |  1  2  3  4  5  6 |
---------------+-------------------+-----
Polearms       | 3 |  3.7
Fighting       | 4 5 |  5.0
Armour         | 3 4 5 |  5.1
Dodging        | |  2.1
Stealth        | |  0.2

Action                   |  1- 3 |  4- 6 || total
-------------------------+-------+-------++-------
Melee: Spear             |    22 |       ||    22
       Mace              |    94 |   210 ||   304
Invok: Trog's Hand       |       |     2 ||     2
       Berserk           |       |     1 ||     1
 Abil: Hop               |     1 |     1 ||     2
  Use: Potion            |     2 |       ||     2
       Scroll            |       |     1 ||     1
 Stab: Sleeping          |     1 |       ||     1
  Eat: Bread ration      |     1 |     2 ||     3
Armor: Animal skin       |     7 |       ||     7
       Ring mail         |    77 |       ||    77
       Chain mail        |    65 |   294 ||   359
Dodge: Dodged            |   164 |   171 ||   335
